 Dungeon Crawl Stone Soup version 0.25-a0-302-g9f758675c1 (webtiles) character file.

Game seed: 16474360095642284863, levelgen mode: deterministic

2758 Glalom the Destroyer (level 9, -1/51 HPs)
             Began as a Deep Elf Conjurer on Dec 20, 2019.
             Was an Initiate of Vehumet.
             Slain by a two-headed ogre
             ... wielding a +0 giant spiked club
              (17 damage)
             ... on level 10 of the Dungeon.
             The game lasted 00:26:07 (7602 turns).

Glalom the Destroyer (Deep Elf Conjurer)            Turns: 7602, Time: 00:26:08

Health: -1/51      AC:  8    Str:  7    XL:     9   Next: 41%
Magic:  22/29      EV: 16    Int: 28    God:    Vehumet [......]
Gold:   120        SH:  4    Dex: 17    Spells: 6/20 levels left

rFire    . . .     SeeInvis .   F - +5 quarterstaff "Omiederr" {crush, *Drain rPois Int+6 Dex+2}
rCold    . . .     Gourm    .   (shield currently unavailable)
rNeg     . . .     Faith    .   b - +2 robe {MR+}
rPois    +         Spirit   .   I - +2 hat
rElec    .         Reflect  +   D - scarf {repulsion}
rCorr    .         Harm     .   y - +0 pair of gloves
MR       +....                  H - +0 pair of boots
Stlth    ++........             w - +4 amulet of reflection
HPRegen  0.17/turn              f - ring of magical power
MPRegen  0.21/turn              (no ring)

@: repel missiles
A: no striking features
a: Renounce Religion


You were on level 10 of the Dungeon.
You worshipped Vehumet.
Vehumet was noncommittal.
You were hungry.

You visited 2 branches of the dungeon, and saw 9 of its levels.

You collected 327 gold pieces.
You spent 207 gold pieces at shops.

Inventory:

Hand Weapons
 q - a +1 dagger of venom
 u - a +0 dire flail
 F - the +5 quarterstaff "Omiederr" (weapon) {crush, *Drain rPois Int+6 Dex+2}
   (You bought it in a shop on level 7 of the Dungeon)

   It inflicts extra damage upon your enemies.
   It affects your intelligence (+6).
   It affects your dexterity (+2).
   It protects you from poison.
   It causes draining when unequipped.
Armour
 a - a +0 robe
 b - a +2 robe of magic resistance (worn)
 m - a +1 helmet
 y - a +0 pair of gloves (worn)
 D - a scarf of repulsion (worn)
 H - a +0 pair of boots (worn)
 I - a +2 hat (worn)
Jewellery
 f - a ring of magical power (left hand)
 w - a +4 amulet of reflection (around neck)
Wands
 l - a wand of random effects (23)
 C - a wand of iceblast (8)
Scrolls
 e - 7 scrolls of teleportation
 k - a scroll of random uselessness
 o - a scroll of remove curse
 p - a scroll of enchant armour
 r - 2 scrolls of identify
 B - 2 scrolls of enchant weapon
 E - a scroll of fear {unknown}
 G - a scroll of immolation {unknown}
 J - a scroll of vulnerability {unknown}
Potions
 d - a potion of resistance {unknown}
 g - 4 potions of flight {unknown}
 h - 3 potions of cancellation {unknown}
 i - a potion of ambrosia {unknown}
 j - 5 potions of brilliance {unknown}
 n - a potion of agility {unknown}
 s - a potion of degeneration {unknown}
 t - a potion of magic {unknown}
 v - 6 potions of curing {unknown}
 x - a potion of berserk rage {unknown}
 z - a potion of haste {unknown}
 A - a potion of mutation {unknown}
Comestibles
 c - 16 rations


   Skills:
 - Level 3.2 Fighting
 + Level 5.6 Dodging
 - Level 2.4 Stealth
 - Level 6.3 Spellcasting
 + Level 10.5 Conjurations
 - Level 7.0 Hexes
 + Level 2.3 Ice Magic


You had 6 spell levels left.
You knew the following spells:

 Your Spells              Type           Power        Failure   Level  Hunger
a - Magic Dart            Conj           ####         1%          1    None
b - Searing Ray           Conj           ######       1%          2    None
c - Dazzling Flash        Conj/Hex       ######       1%          3    None
d - Fulminant Prism       Conj/Hex       ######....   1%          4    ###....
e - Hailstorm             Conj/Ice       #####...     4%          4    ###....

Your spell library contained the following spells:

 Spells                   Type           Power        Failure   Level  Hunger
 Confusing Touch          Hex            #####.       1%          1    None
 Slow                     Hex            #####...     1%          2    None
 Conjure Flame            Conj/Fire      #####...     1%          3    None
 Static Discharge         Conj/Air       #####...     1%          3    None
 Freeze                   Ice            ###.         2%          1    None
 Mephitic Cloud           Conj/Pois/Air  ####....     4%          3    None
 Animate Skeleton         Necr           N/A          6%          1    None
 Apportation              Tloc           #.....       6%          1    None
 Summon Small Mammal      Summ           #...         6%          1    None
 Iskenderun's Mystic Bla  Conj/Tloc      #####...     7%          4    ###....
 Blink                    Tloc           N/A          9%          2    None
 Call Imp                 Summ           #.......     9%          2    None
 Swiftness                Chrm/Air       #.......     9%          2    None
 Ozocubu's Armour         Chrm/Ice       ###.....     11%         3    None
 Summon Ice Beast         Ice/Summ       ###.....     36%         4    ###....
 Petrify                  Tmut/Erth      #.......     52%         4    ###....
 Conjure Ball Lightning   Conj/Air       #####.....   71%         6    ######.
 Lee's Rapid Deconstruct  Erth           #.........   86%         5    #####..


Dungeon Overview and Level Annotations

Branches:
Dungeon (7/15)             Temple (1/1) D:7

Altars:
Ashenzari
Cheibriados
Dithmenos
Elyvilon
Fedhas
Gozag
Kikubaaqudgha
Makhleb
Nemelex Xobeh
Okawaru
Ru
Trog
Uskayaw
Vehumet
Xom
Yredelemnul
Zin
The Shining One

Shops:
D:7 (

Annotations:
D:3 2 transporters, Borgoz's ghost, amateur GrGl


Message History

Casting: Magic Dart (safe; 1% risk of failure)
Confirm with . or Enter, or press ? or * to list all spells.
Aiming: Searing Ray (safe; 1% risk of failure)
Press: ? - help, Shift-Dir - straight line, f/p - two-headed ogre
Aim: a two-headed ogre, wielding a +0 giant spiked club and a +0 giant club (lightly wounded)
The searing ray hits the two-headed ogre!
The two-headed ogre is moderately wounded. (Press . to maintain the ray.)
The searing ray hits the two-headed ogre!
The two-headed ogre is heavily wounded.
The searing ray hits the two-headed ogre!
The two-headed ogre is severely wounded.
The searing ray hits the two-headed ogre!
The two-headed ogre is almost dead.
You finish channeling your searing ray.
The two-headed ogre hits you with a +0 giant spiked club!
The two-headed ogre hits you with a +0 giant club!
The two-headed ogre hits you with a +0 giant spiked club.
The two-headed ogre hits you with a +0 giant club!
You die...

#.#.# #.#.#
###.#.######
#########...........
#.........#.#.######
#.#######.#.#.#
#...# #.#.#.# ###.#
#.#.#.# #@# #.#.#.#
#O# #.#...# #.#
#.##### #.#
#....####### ...
#>.......... ..)
##...######. ...
####.....#. .....
#.###.#. #.# #...


You could see a two-headed ogre.

Vanquished Creatures
  2 trolls
  Grinder (D:4)
  Sigmund (D:2)
  Menkaure (D:4)
  An ice beast (D:5)
  2 sky beasts (D:5)
  A black bear (D:6)
  A centaur (D:6)
  3 ogres
  Blork the orc (D:4)
  A big kobold (D:10)
  2 bullfrogs
  3 crimson imps
  A howler monkey (D:5)
  A bullfrog zombie (D:10)
  An orc priest (D:6)
  A hound (D:4)
  2 jellies
  3 orc wizards
  A bullfrog skeleton (D:7)
  An iguana (D:5)
  Terence (D:3)
  7 worker ants
  A hound zombie (D:7)
  Robin (D:2)
  A howler monkey skeleton (D:4)
  7 adders
  3 gnolls (D:2)
  A shadow imp (D:7)
  4 worms
  4 leopard geckos
  15 orcs
  10 bats
  3 giant cockroaches
  17 goblins
  14 hobgoblins
  6 jackals
  3 quokkas
  4 ball pythons
  6 frilled lizards
  A jackal skeleton (D:4)
  11 kobolds
  3 quokka zombies
  7 rats
161 creatures vanquished.

Vanquished Creatures (others)
  A fulminant prism (D:4)
1 creature vanquished.

Grand Total: 162 creatures vanquished

Notes
Turn   | Place    | Note
-------+----------+-------------------------------------------
     0 | D:1      | Glalom the Deep Elf Conjurer began the quest for the Orb.
     0 | D:1      | Reached XP level 1. HP: 10/10 MP: 6/6
   367 | D:1      | Reached XP level 2. HP: 15/15 MP: 5/8
   371 | D:1      | Learned a level 2 spell: Searing Ray
   375 | D:1      | Reached skill level 5 in Conjurations
  1275 | D:2      | Reached XP level 3. HP: 19/19 MP: 6/9
  1503 | D:2      | Reached skill level 6 in Conjurations
  1548 | D:2      | Reached XP level 4. HP: 13/24 MP: 3/10
  1745 | D:2      | Learned a level 3 spell: Dazzling Flash
  1943 | D:2      | Noticed Robin
  1950 | D:2      | Killed Robin
  1950 | D:2      | Reached skill level 1 in Hexes
  2201 | D:2      | Noticed Sigmund
  2208 | D:2      | Killed Sigmund
  2208 | D:2      | Reached skill level 7 in Conjurations
  2208 | D:2      | Reached XP level 5. HP: 22/28 MP: 5/13
  2208 | D:2      | Reached XP level 6. HP: 26/32 MP: 5/14
  2531 | D:3      | Found a transporter.
  2876 | D:3      | Noticed Terence
  2881 | D:3      | Killed Terence
  3003 | D:3      | Found a transporter.
  3040 | D:3      | Noticed Borgoz's ghost (amateur GrGl)
  3053 | D:3      | Learned a level 4 spell: Fulminant Prism
  3590 | D:4      | Reached skill level 8 in Conjurations
  3694 | D:4      | Noticed Blork the orc
  3707 | D:4      | Killed Blork the orc
  3707 | D:4      | Reached XP level 7. HP: 28/36 MP: 4/15
  3824 | D:4      | Noticed Grinder
  3831 | D:4      | Killed Grinder
  3831 | D:4      | Reached skill level 9 in Conjurations
  3831 | D:4      | Reached skill level 5 in Hexes
  4087 | D:4      | Noticed Menkaure
  4090 | D:4      | Killed Menkaure
  4434 | D:5      | Entered Level 5 of the Dungeon
  4526 | D:5      | Reached XP level 8. HP: 33/41 MP: 6/16
  4707 | D:5      | Reached skill level 10 in Conjurations
  4774 | D:5      | Noticed a troll
  4778 | D:5      | Killed a troll
  5572 | D:6      | Reached skill level 1 in Fighting
  5635 | D:6      | Reached skill level 5 in Spellcasting
  5827 | D:6      | Reached XP level 9. HP: 42/48 MP: 19/19
  6003 | D:6      | Found a shimmering altar of Xom.
  6027 | D:6      | Found a burning altar of Makhleb.
  6684 | D:7      | Found Heost's Antique Weapon Boutique.
  6692 | D:7      | Bought an ancient quarterstaff for 207 gold pieces
  6692 | D:7      | Identified the +5 quarterstaff "Omiederr" {crush, *Drain
                  | rPois Int+6 Dex+2} (You bought it in a shop on level 7 of
                  | the Dungeon)
  6818 | D:7      | Learned a level 4 spell: Hailstorm
  6838 | D:7      | Reached skill level 5 in Dodging
  6915 | D:7      | Found a staircase to the Ecumenical Temple.
  6917 | D:7      | Identified the Almanac of the Gliding Rocks
  6927 | Temple   | Entered the Ecumenical Temple
  7090 | Temple   | Became a worshipper of Vehumet
  7107 | D:7      | You fall into a shaft and drop 3 floors!
  7107 | D:10     | Entered Level 10 of the Dungeon
  7110 | D:10     | Reached skill level 1 in Ice Magic
  7336 | D:10     | Noticed a troll
  7342 | D:10     | Killed a troll
  7594 | D:10     | Noticed a two-headed ogre
  7602 | D:10     | Slain by a two-headed ogre

Levels and vault maps discovered:
D:1:      moated_graveyard_arrival, layout_loops_ring
D:2:      layout_basic, uniq_robin, uniq_sigmund
D:3:      layout_rooms, gammafunk_ghost_stat_death, uniq_terence
D:4:      layout_rooms, uniq_grinder, uniq_menkaure, uniq_blork_the_orc
D:5:      layout_loops_cross, first_ration, minmay_misc_feat_nine_boxes
D:6:      corexii_shack_village, layout_gridville,
          grunt_temple_overflow_champion_of_chaos, enter_ossuary_4
D:7:      layout_layer_cave, minmay_temple_entry_offerings, serial_shops,
          nicolae_shop_stone
D:10:     layout_basic
Temple:   eino_temple_rhombus

Skill      XL: |  1  2  3  4  5  6  7  8  9 |
---------------+----------------------------+-----
Conjurations   | 5 6 7 8 9 10 | 10.5
Hexes          | 2 4 5 7 |  7.0
Spellcasting   | 4 5 6 |  6.3
Dodging        | 4 5 |  5.6
Fighting       | 2 3 |  3.2
Ice Magic      | 2 |  2.3
Stealth        | |  2.4

Action                   |  1- 3 |  4- 6 |  7- 9 || total
-------------------------+-------+-------+-------++-------
Melee: Dagger            |    10 |     3 |     4 ||    17
       Quarterstaff      |       |       |     7 ||     7
 Cast: Magic Dart        |    61 |    75 |   208 ||   344
       Searing Ray       |     2 |     9 |    15 ||    26
       Dazzling Flash    |       |     3 |       ||     3
       Fulminant Prism   |       |       |     1 ||     1
  Use: Scroll            |       |       |    12 ||    12
  Eat: Chunk             |     1 |     7 |    12 ||    20
Armor: Robe              |     6 |     6 |    15 ||    27
Dodge: Dodged            |    15 |    11 |    45 ||    71
Block: Other             |       |       |     6 ||     6

Table legend:
 A = Non-vault XP
 B = Vault XP
 C = Vault XP percentage of total XP
 D = Non-vault monster count
 E = Vault monster count
 F = Vault count percentage of total count
                 A         B        C        D         E       F
            +---------+---------+-------+---------+---------+-------
      Total |    3024 |     917 |  23.3 |     134 |      27 |  16.8
            +---------+---------+-------+---------+---------+-------
        D:1 |      26 |       0 |   0.0 |      15 |       0 |   0.0
        D:2 |     117 |     260 |  69.0 |      30 |      13 |  30.2
        D:3 |     128 |      36 |  22.0 |      22 |       1 |   4.3
        D:4 |     225 |     557 |  71.2 |      11 |       3 |  21.4
        D:5 |     935 |       0 |   0.0 |      19 |       0 |   0.0
        D:6 |     709 |      64 |   8.3 |      16 |      10 |  38.5
        D:7 |     330 |       0 |   0.0 |       9 |       0 |   0.0
       D:10 |     554 |       0 |   0.0 |      12 |       0 |   0.0
            +---------+---------+-------+---------+---------+-------
